 Dungeon Crawl Stone Soup version 0.31.0-12-g77e489cdc1 (webtiles) character file.

Game seed: 7573038638979834759

221 Ruich the Caller (level 5, -3/28 HPs)
             Began as a Tengu Summoner on Mar 4, 2024.
             Slain by a gnoll bouda
             ... wielding a +0 club
              (8 damage)
             ... on level 4 of the Dungeon.
             The game lasted 00:07:15 (2356 turns).

Ruich the Caller (Tengu Summoner)                   Turns: 2356, Time: 00:07:16

Health: -3/28      AC:  3    Str: 10    XL:     5   Next: 98%
Magic:  5/11       EV: 12    Int: 16    God:
Gold:   105        SH:  0    Dex: 14    Spells: 2/10 levels left

rFire   . . .        a - +2 short sword (venom)
rCold   . . .        (no shield)
rNeg    . . .        d - +1 robe
rPois   +            (helmet restricted)
rElec   .            (no cloak)
rCorr   .            (no gloves)
SInv    .            (boots unavailable)
Will    .....        (no amulet)
Stlth   ++           e - +4 ring of slaying
HPRegen 0.24/turn    f - ring of poison resistance
MPRegen 0.12/turn

%: acrobat
@: weakened, inugami summoned
A: beak, talons 3, acrobatic
a: no special abilities


You were on level 4 of the Dungeon.
You visited 1 branch of the dungeon, and saw 4 of its levels.

You collected 105 gold pieces.


Innate Abilities, Weirdness & Mutations

You have a beak for a mouth.
You have claws for feet.
You can magically evade attacks while moving or waiting.


   Skills:
 - Level 2.1 Dodging
 - Level 2.0 Stealth
 + Level 3.4 Spellcasting
 * Level 7.3 Summonings
 + Level 0.7 Fire Magic


You had 2 spell levels left.
You knew the following spells:

 Your Spells              Type           Power      Damage    Failure   Level
b - Summon Blazeheart Go  Fire/Summ      15%        N/A       34%         4
c - Call Canine Familiar  Summ           26%        N/A       2%          3
z - Summon Small Mammal   Summ           100%       N/A       1%          1

Your spell library contained the following spells:

 Spells                   Type           Power      Damage    Failure   Level
 Call Imp                 Summ           52%        N/A       1%          2
 Kiss of Death            Conj/Necr      8%         2d6       19%         1
 Summon Lightning Spire   Summ/Air       14%        N/A       36%         4
 Inner Flame              Hex/Fire       3%         N/A       43%         3
 Confusing Touch          Hex            2%         N/A       47%         3
 Dispel Undead            Necr           2%         3d7       87%         4
 Irradiate                Conj/Alch      1%         3d12      99%         5
 Ignition                 Fire           2%         3d3       100%        8

Inventory:

Hand Weapons
 a - a +2 short sword of venom (weapon)
 b - a +0 sling
Armour
 d - a +1 robe (worn)
Magical Staves
 s - a staff of earth {!a}
Jewellery
 e - a +4 ring of slaying (left hand)
 f - a ring of poison resistance (right hand)
 l - a ring of willpower
 p - a +6 ring of strength
 t - a +6 ring of intelligence
Scrolls
 c - 2 scrolls of immolation
 h - a scroll of blinking {unknown}
 n - 3 scrolls of amnesia
Potions
 g - a potion of resistance {unknown}
 i - a potion of might {unknown}
 j - 2 potions of magic
 k - 2 potions of curing {unknown}
 m - a potion of enlightenment {unknown}
 o - a potion of cancellation {unknown}
 r - a potion of berserk rage {unknown}

Dungeon Overview and Level Annotations

Branches:
Dungeon (4/15)
 Temple: D:4-7

Altars:
Gozag
Ru

#.##.....#..## ##..#
.###.#...##.##..## #...#
...#.#......###..###.#.# .g #.
#...........# ##.#...#.# ..##.
............# ##...###.# .....
###.#..)...# #........# .gg..
#.#.rr...# #.<<.....# .....
#.#......# #........# .....
#..###@### ########.#
#..gg#######.##g.# #.##
#.........)).)h####### #..##
#..>.#######........^#########...
##### #.....#####.#.......)...
#......# #.#########... #......#
#.# #### #......## #.#
######..###.#


You could see a gnoll bouda (ally target), 2 friendly quokkas and a friendly
inugami (summoned).


Message History

Unknown command.
You tear a large gash into the net.
The gnoll barely misses you.
Your inugami barely misses the gnoll.
You struggle against the net.
Unknown command.
You struggle against the net.
The gnoll completely misses your inugami.
* * * LOW HITPOINT WARNING * * *
Unknown command.
You rip the net and break free!
Your attacks no longer feel as feeble.
The gnoll barely misses your inugami.
The gnoll bouda calls upon its god to heal the gnoll.
The gnoll is healed somewhat.
Unknown command.
You puncture the gnoll!
You kill the gnoll!
* * * LOW HITPOINT WARNING * * *
Unknown command.
The gnoll bouda attacks as it pursues you!
The gnoll bouda completely misses you.
Unknown command.
Unknown command.
Casting: Summon Small Mammal (safe; 1% risk of failure)
Confirm with . or Enter, or press ? or * to list all spells.
Casting: Summon Small Mammal (safe; 1% risk of failure)
Confirm with . or Enter, or press ? or * to list all spells.
The gnoll bouda gazes fiercely through you!
You feel your attacks grow feeble.
You die...

Skill      XL: |  1  2  3  4  5 |
---------------+----------------+-----
Summonings     | 5 6 7 |  7.3
Spellcasting   | 3 |  3.4
Dodging        | |  2.1
Stealth        | |  2.0
Fire Magic     | |  0.7

Action                     |  1- 3 |  4- 6 || total
---------------------------+-------+-------++-------
  Melee: Short sword       |     9 |    56 ||    65
         Kick              |     3 |    16 ||    19
         Peck              |     2 |     8 ||    10
   Fire: Sling             |    49 |       ||    49
   Cast: Summon Small Mamm |    15 |    24 ||    39
         Call Canine Famil |     4 |     8 ||    12
    Use: Scroll            |       |     6 ||     6
   Stab: Sleeping          |     1 |     1 ||     2
         Distracted        |       |     1 ||     1
 Armour: Robe              |    25 |    28 ||    53
  Dodge: Dodged            |    34 |    45 ||    79

Levels and vault maps discovered:
D:1:      giann_bridges, layout_rooms, minmay_split_cup_large
D:2:      layout_basic, shapermc_ecumenical_altar_ellora, grunt_ministairs_7,
          fountainhead
D:3:      layout_loops_ring, mainiacjoe_overflow_small_starburst,
          mainiacjoe_overflow_paths
D:4:      layout_rooms, gup_sewer_entry_bowl, corner_web_ring

Notes
Turn   | Place    | Note
-------+----------+-------------------------------------------
     0 | D:1      | Ruich the Tengu Summoner began the quest for the Orb.
     0 | D:1      | Reached XP level 1. HP: 10/10 MP: 4/4
    97 | D:1      | Reached skill level 5 in Summonings
   126 | D:1      | Reached XP level 2. HP: 15/15 MP: 6/6
   324 | D:1      | Reached XP level 3. HP: 10/19 MP: 2/7
   473 | D:1      | Learned a level 3 spell: Call Canine Familiar
   622 | D:2      | Reached skill level 6 in Summonings
   832 | D:2      | Reached XP level 4. HP: 24/24 MP: 9/9
   963 | D:2      | Found a faded altar of an unknown god.
  1315 | D:3      | Found a sacrificial altar of Ru.
  1340 | D:3      | Reached skill level 3 in Spellcasting
  1492 | D:3      | Reached XP level 5. HP: 28/28 MP: 4/10
  1539 | D:3      | Found an opulent altar of Gozag.
  2073 | D:4      | Reached skill level 7 in Summonings
  2306 | D:4      | Learned a level 4 spell: Summon Blazeheart Golem
  2356 | D:4      | Slain by a gnoll bouda

Vanquished Creatures
  An orc priest (D:3)
  2 gnolls (D:4)
  2 adders
  2 dart slugs (D:1)
  6 orcs
  8 ball pythons
  4 endoplasms
  5 giant cockroaches
  4 hobgoblins
  6 kobolds
  A quokka (D:1)
  2 bats (D:3)
  4 frilled lizards
  2 goblins
  3 rats
52 creatures vanquished.

Vanquished Creatures (collateral kills)
  An orc wizard (D:4)
  2 gnolls (D:4)
  3 adders
  A ribbon worm (D:3)
  3 orcs
  A goblin (D:4)
  3 kobolds
  A quokka (D:1)
  A ball python (D:2)
  A rat (D:1)
17 creatures vanquished.

Grand Total: 69 creatures vanquished

Table legend: (Time is in decaauts)
 A = Elapsed time spent in this place.
 B = Non-inter-level travel time spent in this place.
 C = Inter-level travel time spent in this place.
 D = Time resting spent in this place.
 E = Time spent auto-exploring this place.
 F = Levels seen in this place.
 G = Mean time per level.
                   A        B        C        D        E       F      G
               +--------+--------+--------+--------+--------+-----+--------+
         Total |   2376 |   2321 |     55 |    229 |   1485 |   4 |  594.0 |
       Dungeon |   2376 |   2321 |     55 |    229 |   1485 |   4 |  594.0 |
               +--------+--------+--------+--------+--------+-----+--------+

Top non-repeatable levels by time:
     D:3: 787 daAuts
     D:2: 739 daAuts
     D:1: 494 daAuts
     D:4: 354 daAuts

Table legend:
 A = Non-vault XP
 B = Vault XP
 C = Vault XP percentage of total XP
 D = Non-vault monster count
 E = Vault monster count
 F = Vault count percentage of total count
                 A         B        C        D         E       F
            +---------+---------+-------+---------+---------+-------
      Total |     294 |      22 |   7.0 |      63 |       6 |   8.7
            +---------+---------+-------+---------+---------+-------
        D:1 |      33 |       7 |  17.5 |      17 |       4 |  19.0
        D:2 |      49 |      15 |  23.4 |      17 |       2 |  10.5
        D:3 |      92 |       0 |   0.0 |      14 |       0 |   0.0
        D:4 |     120 |       0 |   0.0 |      15 |       0 |   0.0
            +---------+---------+-------+---------+---------+-------
